 Dungeon Crawl Stone Soup version 0.30-a0-772-g5528072125 (webtiles) character file.

Game seed: 9113885383622792703

58 PLAYERX the Protected (level 4, 0/32 HPs)
             Began as a Gnoll Wanderer on Feb 12, 2023.
             Succumbed to an adder's poison
             ... on level 2 of the Dungeon.
             The game lasted 00:06:50 (1001 turns).

PLAYERX the Protected (Gnoll Wanderer)              Turns: 1001, Time: 00:06:50

Health: 0/32       AC:  6    Str: 13    XL:     4   Next: 1%
Magic:  8/8        EV: 10    Int: 13    God:
Gold:   49         SH:  0    Dex: 10    Spells: 7/8 levels left

rFire   . . .      SeeInvis .    a - +2 short sword (freeze)
rCold   . . .      Faith    .    (no shield)
rNeg    . . .      Spirit   .    b - +0 ring mail
rPois   .          Reflect  .    (no helmet)
rElec   .          Harm     .    (no cloak)
rCorr   .          Rampage  .    (no gloves)
Will    .....                    (no boots)
Stlth   +                        (no amulet)
HPRegen 0.25/turn                (no ring)
MPRegen 0.11/turn                (no ring)

@: lethally poisoned (0 -> -2)
A: fangs 1, strong nose, distributed training
a: no special abilities


You were on level 2 of the Dungeon.
You visited 1 branch of the dungeon, and saw 2 of its levels.

You collected 49 gold pieces.

Inventory:

Hand Weapons
 a - a +2 short sword of freezing (weapon)
Armour
 b - a +0 ring mail (worn)
Jewellery
 j - an amulet of magic regeneration
Scrolls
 c - a scroll of blinking
 e - a scroll of vulnerability {unknown}
 h - a scroll of enchant armour {unknown}
 i - a scroll of identify {unknown}
 m - a scroll of fog {unknown}
Potions
 f - 2 potions of might {unknown}
 g - a potion of cancellation {unknown}
 k - a potion of haste {unknown}
 l - a potion of mutation {unknown}
Miscellaneous
 d - a tin of tremorstones (2/2)


   Skills:
 + Level 1.0 Fighting
 + Level 1.0 Short Blades
 + Level 1.0 Long Blades
 + Level 1.0 Axes
 + Level 1.0 Maces & Flails
 + Level 1.0 Polearms
 + Level 1.0 Staves
 + Level 1.0 Ranged Weapons
 + Level 1.0 Throwing
 + Level 8.5 Armour
 + Level 1.0 Dodging
 + Level 1.0 Stealth
 + Level 1.0 Shields
 + Level 1.0 Unarmed Combat
 + Level 2.9 Spellcasting
 + Level 3.8 Conjurations
 + Level 0.8 Hexes
 + Level 0.8 Summonings
 + Level 0.8 Necromancy
 + Level 0.8 Translocations
 + Level 0.8 Transmutations
 + Level 0.8 Fire Magic
 + Level 0.8 Ice Magic
 + Level 0.8 Air Magic
 + Level 0.8 Earth Magic
 + Level 0.8 Poison Magic
 + Level 1.1 Invocations
 + Level 6.6 Evocations


You had 7 spell levels left.
You knew the following spells:

 Your Spells              Type           Power      Damage    Failure   Level
a - Shock                 Conj/Air       28%        1d4       17%         1

Your spell library contained the following spells:

 Spells                   Type           Power      Damage    Failure   Level
 Hailstorm                Conj/Ice       7%         3d4       45%         3


Dungeon Overview and Level Annotations

Branches:
Dungeon (2/15)

Altars:

Shops:
D:1 ?


Innate Abilities, Weirdness & Mutations

You have very sharp teeth.
Your uncanny sense of smell can sniff out nearby items.
Your experience applies equally to all skills.


Message History

The goblin is severely wounded.
You feel sick. The adder barely misses you. The goblin barely misses you.
The adder closely misses you. x2
You hit the goblin. You freeze the goblin.
You kill the goblin!
You feel sick. The adder closely misses you.
The adder bites you but does no damage.
You have reached level 4!
You feel stronger.
You hit the adder. You freeze the adder.
The adder is almost dead.
You feel sick. The adder bites you but does no damage.
The adder barely misses you.
You barely miss the adder.
The adder is almost dead.
You feel sick. The adder closely misses you. The adder bites you. x2
* * * LOW HITPOINT WARNING * * *
You closely miss the adder.
The adder is almost dead.
You feel sick. The adder closely misses you. The adder bites you.
* * * LOW HITPOINT WARNING * * *
You are lethally poisoned!
The adder poisons you! The adder attacks as you move away!
The adder bites you but does no damage.
* * * LOW HITPOINT WARNING * * *
You feel sick. The adder closely misses you.
The adder attacks as you move away! The adder closely misses you.
* * * LOW HITPOINT WARNING * * *
You feel sick.
* * * LOW HITPOINT WARNING * * *
You feel sick.
Blink to where?
Press: ? - help, Dir - move target
Found a glowing flail.
As you read the scroll of blinking, it crumbles to dust.
* * * LOW HITPOINT WARNING * * *
You feel sick.
There is a lethal amount of poison in your body!
There is a lethal amount of poison in your body!
You die...

#..# ####.+..........
#..# #.#.......... ...#
#.#.....†.... ...
#.'..........
###..........
#####+##+####.).....###
#.................#.###
#.................#....
#.....@...........#####
#.................#
#............######
#............# #######
#............# #......
#............####......
#............S.##......
########.).###§##......
#...######


You could see an adder.

Vanquished Creatures
  2 adders (D:2)
  3 dart slugs (D:1)
  A ball python (D:1)
  3 endoplasms
  2 goblins (D:2)
  5 hobgoblins
  6 kobolds (D:1)
  2 quokkas
  3 bats
  3 rats
30 creatures vanquished.

Notes
Turn   | Place    | Note
-------+----------+-------------------------------------------
     0 | D:1      | PLAYERX the Gnoll Wanderer began the quest for the Orb.
     0 | D:1      | PLAYERX set off with the following items: a +0 club, a +0
                  | ring mail, a scroll of blinking, a tin of tremorstones
                  | (2/2); and the following spell memorised: Shock; and the
                  | following spells available to memorise: Hailstorm.
     0 | D:1      | Reached XP level 1. HP: 13/13 MP: 4/4
   208 | D:1      | Reached XP level 2. HP: 18/19 MP: 5/5
   335 | D:1      | Found Kiunosas's Magic Scroll Shoppe.
   448 | D:1      | Found a faded altar of an unknown god.
   494 | D:1      | Reached XP level 3. HP: 23/25 MP: 7/7
   779 | D:2      | Reached skill level 1 in Invocations
   791 | D:2      | Reached skill level 1 in Fighting
   791 | D:2      | Reached skill level 1 in Short Blades
   791 | D:2      | Reached skill level 1 in Long Blades
   791 | D:2      | Reached skill level 1 in Axes
   791 | D:2      | Reached skill level 1 in Maces & Flails
   791 | D:2      | Reached skill level 1 in Polearms
   791 | D:2      | Reached skill level 1 in Staves
   791 | D:2      | Reached skill level 1 in Ranged Weapons
   791 | D:2      | Reached skill level 1 in Throwing
   791 | D:2      | Reached skill level 1 in Dodging
   791 | D:2      | Reached skill level 1 in Stealth
   791 | D:2      | Reached skill level 1 in Shields
   791 | D:2      | Reached skill level 1 in Unarmed Combat
   994 | D:2      | Reached XP level 4. HP: 12/32 MP: 8/8
  1000 | D:2      | HP: 1/32 [poisoned by an adder]
  1001 | D:2      | Succumbed to an adder's poison

Illustrated notes

Levels and vault maps discovered:
D:1:      evilmike_arrival_hilbert_curve, layout_rooms, serial_shops,
          nicolae_shop_waterfront, chequers_ecumenical_altar_simple_redux,
          item_on_display_a
D:2:      layout_basic

Skill      XL: |  1  2  3 |
---------------+----------+-----
Invocations    | 1 |  1.1
Fighting       | 1 |  1.0
Short Blades   | 1 |  1.0
Long Blades    | 1 |  1.0
Axes           | 1 |  1.0
Maces & Flails | 1 |  1.0
Polearms       | 1 |  1.0
Staves         | 1 |  1.0
Ranged Weapons | 1 |  1.0
Throwing       | 1 |  1.0
Dodging        | 1 |  1.0
Stealth        | 1 |  1.0
Shields        | 1 |  1.0
Unarmed Combat | 1 |  1.0
Armour         | |  8.5
Spellcasting   | |  2.9
Conjurations   | |  3.8
Hexes          | |  0.8
Summonings     | |  0.8
Necromancy     | |  0.8
Translocations | |  0.8
Transmutations | |  0.8
Fire Magic     | |  0.8
Ice Magic      | |  0.8
Air Magic      | |  0.8
Earth Magic    | |  0.8
Poison Magic   | |  0.8
Evocations     | |  6.6

Action                     |  1- 3 |  4- 6 || total
---------------------------+-------+-------++-------
  Melee: Club              |    21 |       ||    21
         Dagger            |    18 |       ||    18
         Bite              |     9 |       ||     9
         Short sword       |    93 |     3 ||    96
    Use: Scroll            |       |     1 ||     1
 Armour: Ring mail         |    69 |     2 ||    71
  Dodge: Dodged            |    60 |     5 ||    65

Table legend: (Time is in decaauts)
 A = Elapsed time spent in this place.
 B = Non-inter-level travel time spent in this place.
 C = Inter-level travel time spent in this place.
 D = Time resting spent in this place.
 E = Time spent auto-exploring this place.
 F = Levels seen in this place.
 G = Mean time per level.
                   A        B        C        D        E       F      G
               +--------+--------+--------+--------+--------+-----+--------+
         Total |   1002 |   1002 |      0 |     31 |    593 |   2 |  501.0 |
       Dungeon |   1002 |   1002 |      0 |     31 |    593 |   2 |  501.0 |
               +--------+--------+--------+--------+--------+-----+--------+

Top non-repeatable levels by time:
     D:1: 644 daAuts
     D:2: 358 daAuts
